AoeStats
← duke of downend

Arena

510184162Analyzed
1v1 RM · 21h ago on Sep 29, 2026· 47m 20s· 2 players
Game mode
Random Map
Map size
Tiny (2 player)
Population
200
Speed
Normal
Resources
Standard
Victory
Conquest
Starting age
Dark Age
Ending age
Imperial Age
RankedLock teamsTeams togetherTeam positionsShared explorationLock speedFull tech treeHidden civsTurbo modeCheats
Victory
Defeat
🇬🇧 Khmer · United Kingdom
653
+15
623
-15
the hero of Canton | #savetf2
9:52 Feudal Age
11:50 Wheelbarrow
11:02 Double-Bit Axe
18:34 Castle Age
17:37 Stone Mining
17:44 Town Watch
22:48 Horse Collar
23:16 Gold Mining
24:23 Fletching
25:03 Scale Mail Armor
25:15 Forging
26:36 Gold Shaft Mining
27:29 Heavy Plow
27:37 Treadmill Crane
28:07 Bodkin Arrow
28:13 Scale Mail Armor
28:51 Bow Saw
28:35 Loom
30:50 Hand Cart
33:31 Imperial Age
31:01 Pikeman
31:02 Man-at-Arms
31:44 Squires
31:30 Arson
32:25 Iron Casting
34:25 Chain Mail Armor
34:18 Bracer
34:41 Conscription
34:17 Long Swordsman
35:20 Two-Handed Swordsman
36:17 Siege Engineers
36:25 Masonry
37:12 Hoardings
36:47 Champion
39:20 Gambesons
40:45 Plate Mail Armor
40:16 Padded Archer Armor
41:40 Chemistry
40:54 Fortified Wall
41:16 Architecture
42:01 Two-Man Saw
41:40 Crop Rotation
43:16 Shield Wall
47:37 Husbandry
46:57 Light Cavalry
47:46 Scale Barding Armor
duke of downend
8:46 Loom
12:49 Feudal Age
17:56 Castle Age
15:50 Double-Bit Axe
16:42 Horse Collar
19:07 Bow Saw
18:59 Heavy Plow
27:31 Man-at-Arms
27:32 Pikeman
27:58 Arson
28:32 Fletching
33:34 Imperial Age
32:14 Long Swordsman
34:49 Husbandry
35:00 Bloodlines
34:11 Light Cavalry
35:44 Double Crossbow
36:59 Bodkin Arrow
37:14 Forging
37:14 Heavy Scorpion
39:41 Chemistry
41:13 Conscription
40:55 Murder Holes
41:25 Bracer
42:01 Iron Casting
41:18 Two-Handed Swordsman
48:55 Blast Furnace
47:56 Scale Mail Armor
Connection lost

Rejoining the realm…

Still unreachable

The connection could not be restored.

Session expired

The server has moved on; the page needs a fresh start.